cohdb
Replays
Latest Replays
All Replays
Popular Replays
Top Player Replays
Match Explorer
How It Works
Community
CoH3 Stats
Reddit
Sign in to upload your games and track your stats! →
Sign in with Steam
Match 44058470
Unlisted
Match 44058470
Overview
Messages
Build Orders
End
Scout Squad
Scout Squad
Construct Weapon Support Center
Construct Barracks
1⁄4-ton 4x4 Truck
Selects Advanced Infantry Battlegroup
Scout Squad
Construct Weapon Support Center
M1919 Machine Gun Team
Infantry Support Center
M1919 Machine Gun Team
Barbarossa
CPU - Very Easy
0
0
Comments
sign in to comment!
No comments posted yet!